← All builds
Tech / Armada / Economy first / OBSERVED BUILD

Standard tech

Armada Tech (Eco) build order · Supreme Isthmus

Rushes T2 by 4:15, gets Advanced Metal Extractor around 5:28, hands off T2 constructors to Geo and the team, then scales eco and supplies the team's T2 needs through the rest of the game.

Usually first T2 con to Geo (83%)

#eco #t2 #team support · 1579 distinct matches · 255 players · 58% of Armada Tech games · team won 53% of 1874 · Recently observed

HOW TO PLAY IT

Key timing: T2 factory by 4:15

  1. Open 3 mex and heavy wind to fund a fast T2 rush.
  2. Put down Bot Lab, planning to eat it for reclaim soon after.
  3. Get Advanced Bot Lab up, hitting the T2 factory rush timing.
  4. Upgrade mex to Advanced Metal Extractor to lock in team metal income.
  5. Eat Advanced Bot Lab and keep sending cons to Geo and Pond.

Phase by phase

TYPICAL OF ITS 1579 GAMES
  1. 1
  2. 2
  3. 3
  4. 4
PLAY THE OPENING

Follow the example game's first 6:00 step by step: what to build now, what comes next, and where it goes. At 1× it keeps pace with your own game.

  1. 1

    Up to the Bot Lab

    Economy
    • Metal Extractor3Mex
    • Wind Turbine4Wind
    Order
    1. Bot LabBot Lab after 3 mex, 4 winddone ~1:18, middle half 1:13–1:32

    Some games also: energy storage (31%)

    By 1:01 in all: 3 mex · 4 wind

    The example game in this phase · 3 steps
    1. Mex ×3
    2. Wind ×2
    3. Bot LabBot Labdone 1:02 · typical 1:18
  2. 2

    Bot Lab to Advanced Bot Lab

    Economy
    • Metal Extractor1Mex
    • Wind Turbine8Wind
    • Energy Storage1Energy storage
    Order
    1. Advanced Bot LabAdvanced Bot Lab after 4 mex, 12 wind, 3 con turretdone ~4:16, middle half 4:04–4:30
    Builders
    • Construction Turret3 Con turret
    • Lazarus3 Lazarus
    • Construction Bot2 Con bot
    • Construction Bot1 Con bot for allies

    Some games also: converter (36%)

    By 3:18 in all: 4 mex · 12 wind · 1 energy storage · 3 con turret

    The example game in this phase · 14 steps
    1. Wind
    2. Construction BotCon bot
    3. Wind ×2
    4. LazarusLazarusfor Suicide front
    5. Wind ×3
    6. Energy storage
    7. Mex
    8. Wind ×2
    9. LazarusLazarusfor Beach sea
    10. Energy storage
    11. LazarusLazarus ×2for Suicide front
    12. Con turret ×3
    13. Bot LabEat Bot Labreclaimed for its metal
    14. Advanced Bot LabAdvanced Bot Labdone 4:01 · typical 4:16
  3. 3

    Advanced Bot Lab to 5:00

    Economy
    • Wind Turbine3Wind
    Order
    1. Bot LabEat Bot Lab
    Builders
    • Advanced Construction Bot1 T2 con bot for allies

    Some games also: converter (35%)

    By 5:00 in all: 4 mex · 15 wind · 1 converter · 1 energy storage · 3 con turret

    The example game in this phase · 3 steps
    1. Advanced Construction BotT2 con botfor Geo
    2. Advanced Metal ExtractorT2 mexdone 4:41 · typical 5:29
    3. FatboyFatboyfor Ponddone 5:04
  4. 4

    5:00 to 10:00

    Economy
    • Wind Turbine43Wind
    • Energy Converter6Converter
    Builders
    • Butler9 Butler
    • Advanced Construction Bot4 T2 con bot for allies
    • Advanced Construction Bot1 T2 con bot

    Some games also: con turret (43%) · Butler for allies (36%)

    By 10:00 in all: 4 mex · 58 wind · 8 converter · 1 energy storage · 3 con turret

    The example game in this phase · 250 steps
    1. Advanced Construction BotT2 con botfor Pond
    2. Advanced Construction BotT2 con bot
    3. Advanced Metal ExtractorT2 mex
    4. Advanced Construction BotT2 con botfor Air
    5. Advanced Metal ExtractorT2 mex
    6. Advanced Construction BotT2 con botfor Geo sea
    7. ButlerButler
    8. Advanced Metal ExtractorT2 mex
    9. ButlerButler
    10. Advanced Construction BotT2 con botfor Beach sea
    11. Wind
    12. ButlerButlerfor Geo sea
    13. Wind
    14. ButlerButlerfor Geo sea
    15. Wind
    16. ButlerButlerfor Beach sea
    17. Wind
    18. ButlerButlerfor Beach sea
    19. Wind ×3
    20. ButlerButler
    21. Wind ×2
    22. ButlerButler
    23. Wind
    24. ButlerButler
    25. Wind
    26. ButlerButler
    27. Wind
    28. ButlerButler
    29. Wind ×2
    30. ButlerButler
    31. Wind ×3
    32. ButlerButler
    33. Wind ×3
    34. ButlerButler
    35. Wind ×2
    36. ButlerButler
    37. Wind ×2
    38. ButlerButler
    39. Wind ×30
    40. Metal storage
    41. Wind
    42. Converter
    43. Wind ×3
    44. UmbrellaAnti-nukedone 10:53
    45. Converter
    46. Wind
    47. Con turret
    48. Wind ×4
    49. Converter
    50. Wind ×3
    51. Converter
    52. Wind ×4
    53. Converter
    54. Wind ×3
    55. Converter
    56. Wind ×3
    57. Converter
    58. Wind ×2
    59. Converter
    60. Wind ×3
    61. Converter
    62. Wind ×2
    63. Converter
    64. Wind ×3
    65. Converter
    66. Wind
    67. Converter
    68. Wind ×4
    69. Converter
    70. Wind
    71. Advanced Construction BotT2 con botfor Suicide front
    72. Wind
    73. Converter
    74. Con turret
    75. Wind ×2
    76. Converter
    77. Wind ×3
    78. Converter
    79. Con turret
    80. Wind
    81. Converter
    82. Wind ×3
    83. Converter
    84. Wind ×4
    85. Converter
    86. Wind
    87. Converter
    88. Wind ×3
    89. Converter
    90. Wind ×2
    91. Converter
    92. Wind ×2
    93. Advanced Construction BotT2 con bot
    94. Converter
    95. Wind ×4
    96. Converter
    97. Wind
    98. Converter
    99. Wind ×3
    100. Converter
    101. Wind ×2
    102. Fusion ReactorFusiondone 12:46
    103. Wind ×2
    104. Converter ×2
    105. Wind ×2
    106. Advanced Bot LabEat Advanced Bot Labreclaimed for its metal
    107. Wind ×2
    108. Converter
    109. Wind ×2
    110. Converter
    111. Wind ×2
    112. Converter
    113. Wind ×4
    114. Converter ×2
    115. Wind ×4
    116. Converter
    117. Wind
    118. Converter
    119. Wind ×3
    120. Converter
    121. Wind ×3
    122. Con turret
    123. Wind
    124. Converter ×2
    125. Wind
    126. Con turret
    127. Wind ×3
    128. Converter
    129. Wind
    130. Con turret
    131. Wind
    132. Converter
    133. Wind ×2
    134. Con turret
    135. Wind ×3
    136. Converter
    137. Wind
    138. Converter
    139. Wind ×4
    140. Converter
    141. Wind
    142. Converter
    143. Wind ×2
    144. T2 converter
    145. Wind
    146. Aircraft PlantAircraft Plantdone 13:15
    147. Wind
    148. Converter ×2
    149. Wind ×4
    150. Converter
    151. Wind ×2
    152. Converter
    153. Wind ×3
    154. Converter
    155. Wind ×2
    156. StormbringerBomberfor Air
    157. Wind
    158. Converter
    159. StormbringerBomberfor Air
    160. Wind ×2
    161. Converter
    162. Wind
    163. StormbringerBomberfor Air
    164. Wind
    165. Converter
    166. StormbringerBomberfor Air
    167. Wind ×3
    168. StormbringerBomberfor Air
    169. Converter
    170. Wind
    171. StormbringerBomberfor Air
    172. Con turret
    173. Converter
    174. Wind ×3
    175. Converter
    176. StormbringerBomberfor Air
    177. Wind ×2
    178. Converter
    179. Wind
    180. StormbringerBomberfor Air
    181. Wind
    182. StormbringerBomberfor Air
    183. Wind
    184. StormbringerBomberfor Air
    185. Converter
    186. Wind
    187. Converter
    188. Wind ×2
    189. StormbringerBomberfor Air
    190. Wind
    191. StormbringerBomberfor Air
    192. Wind
    193. Converter
    194. StormbringerBomberfor Air
    195. Wind ×2
    196. Converter
    197. StormbringerBomberfor Air
    198. Wind
    199. StormbringerBomberfor Air
    200. Wind ×2
    201. Converter
    202. Wind
    203. StormbringerBomberfor Air
    204. Converter
    205. Wind
    206. StormbringerBomberfor Air
    207. Wind
    208. StormbringerBomberfor Air
    209. Wind
    210. Converter
    211. Wind
    212. StormbringerBomberfor Air
    213. Wind
    214. StormbringerBomberfor Air
    215. Converter
    216. Wind ×3
    217. FalconFighterfor Air
    218. Converter
    219. Wind
    220. FalconFighter ×2for Air
    221. Wind
    222. Converter
    223. Wind
    224. FalconFighterfor Air
    225. Wind ×2
    226. FalconFighter ×2for Air
    227. Wind ×2
    228. FalconFighterfor Air
    229. Wind
    230. Converter
    231. Wind
    232. FalconFighter ×2for Air
    233. Wind ×2
    234. FalconFighterfor Air
    235. Wind ×2
    236. Converter
    237. FalconFighter ×2for Air
    238. Wind ×2
    239. FalconFighter
    240. Wind ×2
    241. Advanced Fusion ReactorAdvanced Fusion Reactornot finished by 15:00
    242. Converter
    243. Aircraft PlantEat Aircraft Plantreclaimed for its metal
    244. Wind ×4
    245. Converter
    246. Wind ×4
    247. Converter
    248. Wind ×4
    249. Converter
    250. Wind

Counts are medians over the build's games: half of them build more, half fewer. The example game is [Crd]Atlas's (30 OS, 21/09/2026); pick another.

Team trades

IN AT LEAST 30% OF ITS GAMES

You hand over

  • Construction Bot1 Con bot to Airfirst at 2:23 · in 84% of games
  • Advanced Construction Bot5 T2 con bot to Air or Geo sea or Pondfirst at 4:50 · in 99% of games
  • Butler2 Butler to Geo sea or Beach sea or Pondfirst at 9:07 · in 42% of games

You get

  • Hercules1 Light transport from Airfirst at 4:01 · in 86% of games

How it plays out

Typical game of this build, running totals by minute

Metal produced

020k40k
0:005:0010:0015:00

metal

Enemy metal destroyed

050100
0:005:0010:0015:00

metal

Own metal lost

050100150
0:005:0010:0015:00

metal

1874 games.

Show as table
ByMetal produced: This buildEnemy metal destroyed: This buildOwn metal lost: This build
1:0038300
2:0091500
3:00165100
4:00314400
5:00484700
6:00580000
7:00722700
8:00906100
9:001117300
10:001350300
11:001624200
12:001965600
13:002344500
14:0027362073
15:003154285130
WHAT THE NUMBERS SAY

Standard Tech play barely fights at all early, instead pouring metal into T2 infrastructure and constructors for the team.

  • + Metal produced hits 31679 by 15:00, by far the highest of any role here.
  • + T2 factory reached in 97% of games by 4:15, fastest and most reliable T2 timing.
  • − Enemy metal destroyed stays at 0 through 10:00, no early offense at all.
  • − Own metal lost also near 0, showing total avoidance of combat risk.
THE EXAMPLE YOU ARE READING

[Crd]Atlas

30.2 OS · 21/09/2026

Open source match ↗

1 received units
3621 metal received · 64109 energy received

Allied construction assistance is unknown. Timings are observations, not a promise of solo reproducibility.

Typical milestones

Bot Lab1:18Middle 50%: 1:13–1:32 · n=1874
Advanced Bot Lab4:16Middle 50%: 4:04–4:30 · n=1867
Advanced Metal Extractor5:29Middle 50%: 5:05–5:59 · n=1870

Played most by

Amrissa93games of this buildTheGeneraI66games of this buildAdeus57games of this buildEl_Turco56games of this buildKOT_43games of this build